 Dungeon Crawl Stone Soup version 0.24.0-2-g5b39cebb1c (webtiles) character file.

Game seed: 8547687590978956685, levelgen mode: deterministic

661162 Mrkan the Slayer (level 27, -19/269 HPs)
             Began as a Minotaur Fighter on Oct 29, 2019.
             Was the Champion of Okawaru.
             Killed from afar by an orb of fire (23 damage)
             ... with a bolt of fire
             ... on level 5 of the Realm of Zot.
             The game lasted 04:11:49 (67467 turns).

Mrkan the Slayer (Minotaur Fighter)                Turns: 67467, Time: 04:11:50

Health: -19/269    AC: 46    Str: 28    XL:     27
Magic:  31/31      EV: 14    Int:  8    God:    Okawaru [******]
Gold:   8424       SH: 38    Dex: 19    Spells: 26/26 levels left

rFire    + + .     SeeInvis .   c - +7 broad axe "Huneakih" {elec, rF+ rC- Stlth+}
rCold    + + +     Gourm    .   e - +8 large shield
rNeg     + . .     Faith    .   L - +14 crystal plate armour
rPois    +         Spirit   .   v - +2 hat {Int+3}
rElec    +         Reflect  +   W - scarf {rC+ rF+}
rCorr    .         Harm     .   F - +2 pair of gloves of Wojuq {-Cast rElec rC+++}
MR       ++++.     Rnd*Rage +   X - +2 pair of boots of Okawaru's Approval {rN+} Stlth ..........Rnd*Tele +
                                t - +4 amulet of reflection
HPRegen  0.54/turn NoCast   +   Z - ring of the Evening {rPois MR+ EV-4 Str+3 Dex+4} (curse)
MPRegen  0.22/turn              o - ring of protection from magic

@: no potions, berserk cooldown, slowed, lightly drained, very slow
A: retaliatory headbutt, horns 2, berserk 1, clumsy 1, deformed body, low mp 1,
screaming 1, teleportitis 1, weak 1, wild magic 1, evolution 1, MP-powered wands
}: 3/15 runes: serpentine, barnacled, silver
a: Heroism, Finesse, Renounce Religion


You were on level 5 of the Realm of Zot.
You worshipped Okawaru.
Okawaru was exalted by your worship.
You were not hungry.

You visited 9 branches of the dungeon, and saw 49 of its levels.
You also visited: Trove.

You collected 10975 gold pieces.
You spent 2551 gold pieces at shops.

Inventory:

Hand Weapons
 c - the +7 broad axe "Huneakih" (weapon) {elec, rF+ rC- Stlth+}
   (Okawaru gifted it to you on level 12 of the Dungeon)

   Occasionally, upon striking a foe, it will discharge some electrical energy
   and cause terrible harm.
   It protects you from fire.
   It makes you vulnerable to cold.
   It makes you more stealthy.
 s - a +9 broad axe of electrocution
Armour
 e - a +8 large shield (worn)
 v - a +2 hat of intelligence (worn)
 F - the +2 pair of gloves of Wojuq (worn) {-Cast rElec rC+++}
   (You bought it in a shop on level 14 of the Dungeon)

   It renders you almost immune to cold.
   It insulates you from electricity.
   It prevents spellcasting.
 G - the -4 hat of Vexation {+Fly rF+ Str+4 Int-4}
   (Okawaru gifted it to you on level 5 of the Realm of Zot)

   It affects your strength (+4).
   It affects your intelligence (-4).
   It protects you from fire.
   It lets you fly.
 L - a +14 crystal plate armour (worn)
 W - a scarf of resistance (worn)
 X - the +2 pair of boots of Okawaru's Approval (worn) {rN+}
   (Okawaru gifted it to you on level 1 of the Orcish Mines)

   It protects you from negative energy.
Jewellery
 i - the ring "Loczaq" {+Fly Str+4 SInv}
   (You found it on level 5 of the Depths)

   [ring of see invisible]

   It affects your strength (+4).
   It lets you see invisible.
   It lets you fly.
 o - a ring of protection from magic (right hand)
 t - a +4 amulet of reflection (around neck)
 u - an uncursed ring of resist corrosion
 D - the ring of Phasing {EV+8}
   (You took it off a deep elf sorcerer on level 3 of the Elven Halls)

   [ring of evasion]

   It affects your evasion (+8).
 P - the necklace of Bloodlust {*Rage +Rage MR++ Int-3 Slay+6 *Curse}
   (You took it off an entropy weaver on level 4 of the Vaults)

   [amulet of rage]

   It affects your intelligence (-3).
   It affects your accuracy and damage with ranged weapons and melee attacks
   (+6).
   It affects your resistance to hostile enchantments.
   It lets you go berserk.
   It may make you go berserk in combat.
   It curses itself when equipped.
 T - the ring of Sickaima {+Fly rPois rF- rN+++ Str-3}
   (You found it on level 5 of the Depths)

   [ring of poison resistance]

   It affects your strength (-3).
   It makes you vulnerable to fire.
   It protects you from poison.
   It renders you almost immune to negative energy.
   It lets you fly.
 Z - the cursed ring of the Evening (left hand) {rPois MR+ EV-4 Str+3 Dex+4}
   (You took it off a frost giant on level 5 of the Depths)

   [ring of evasion]

   It affects your evasion (-4).
   It affects your strength (+3).
   It affects your dexterity (+4).
   It protects you from poison.
   It affects your resistance to hostile enchantments.
   It has a curse placed upon it.
Wands
 b - a wand of paralysis (18)
 y - a wand of flame (153)
 A - a wand of random effects (15)
 B - a wand of acid (36)
 I - a wand of enslavement (16)
 J - a wand of scattershot (3)
 N - a wand of digging (20)
 O - a wand of iceblast (31)
 U - a wand of disintegration (44)
Scrolls
 g - 13 scrolls of enchant weapon
 j - 26 scrolls of teleportation
 k - 29 scrolls of remove curse
 l - 8 scrolls of identify
 m - 5 scrolls of blinking
 n - a scroll of enchant armour
 p - 9 scrolls of fear
 q - 9 scrolls of magic mapping
 C - 4 scrolls of fog
 E - a scroll of brand weapon
 R - 3 scrolls of summoning
 S - 2 scrolls of silence
 Y - 3 scrolls of holy word
Potions
 a - 2 potions of magic
 d - 9 potions of might
 h - 4 potions of cancellation
 r - 9 potions of curing
 w - 3 potions of invisibility
 x - 11 potions of lignification
 z - a potion of flight
 H - 2 potions of heal wounds
 K - 7 potions of agility
 M - 5 potions of haste
 Q - 4 potions of ambrosia
 V - 7 potions of berserk rage
Comestibles
 f - 59 rations


   Skills:
 + Level 26.0(25.7) Fighting
 + Level 24.7(24.5) Axes
 + Level 24.5(24.2) Armour
 - Level 17.5(17.3) Dodging
 + Level 23.2(22.9) Shields
 - Level 17.6(17.3) Invocations
 + Level 17.9(17.6) Evocations


You had 26 spell levels left.
You didn't know any spells.
Your spell library contained the following spells:

 Spells                   Type           Power        Failure   Level  Hunger
 Animate Skeleton         Necr           N/A          99%         1    ##.....
 Apportation              Tloc           #.....       99%         1    ##.....
 Confusing Touch          Hex            #.....       99%         1    ##.....
 Corona                   Hex            #......      99%         1    ##.....
 Flame Tongue             Conj/Fire      #....        99%         1    ##.....
 Infusion                 Chrm           #...         99%         1    ##.....
 Magic Dart               Conj           #...         99%         1    ##.....
 Sandblast                Erth           #.....       99%         1    ##.....
 Shock                    Conj/Air       #...         99%         1    ##.....
 Sting                    Conj/Pois      #...         99%         1    ##.....
 Summon Butterflies       Summ           #.......     99%         1    ##.....
 Summon Small Mammal      Summ           #...         99%         1    ##.....
 Blink                    Tloc           N/A          100%        2    ###....
 Call Imp                 Summ           #.......     100%        2    ###....
 Corpse Rot               Necr           N/A          100%        2    ###....
 Passwall                 Tmut/Erth      #.......     100%        2    ###....
 Poisonous Vapours        Pois/Air       #.....       100%        2    ###....
 Slow                     Hex            #.......     100%        2    ###....
 Sublimation of Blood     Necr           #.........   100%        2    ###....
 Swiftness                Chrm/Air       #.......     100%        2    ###....
 Throw Flame              Conj/Fire      #.....       100%        2    ###....
 Call Canine Familiar     Summ           #.......     100%        3    ####...
 Confuse                  Hex            #.......     100%        3    ####...
 Conjure Flame            Conj/Fire      #.......     100%        3    ####...
 Gell's Gravitas          Tloc           #.........   100%        3    ####...
 Ignite Poison            Fire/Tmut/Pois #.......     100%        3    ####...
 Inner Flame              Hex/Fire       #.......     100%        3    ####...
 Lesser Beckoning         Tloc           #.........   100%        3    ####...
 Mephitic Cloud           Conj/Pois/Air  #.......     100%        3    ####...
 Ozocubu's Armour         Chrm/Ice       #.......     100%        3    ####...
 Portal Projectile        Hex/Tloc       #.....       100%        3    ####...
 Recall                   Summ/Tloc      N/A          100%        3    ####...
 Static Discharge         Conj/Air       #.......     100%        3    ####...
 Stone Arrow              Conj/Erth      #.....       100%        3    ####...
 Summon Guardian Golem    Hex/Summ       #.......     100%        3    ####...
 Tukima's Dance           Hex            #.......     100%        3    ####...
 Airstrike                Air            #.........   100%        4    #####..
 Cause Fear               Hex            #.........   100%        4    #####..
 Fulminant Prism          Conj/Hex       #.........   100%        4    #####..
 Ice Form                 Ice/Tmut       #.......     100%        4    #####..
 Iskenderun's Mystic Bla  Conj           #.......     100%        4    #####..
 Leda's Liquefaction      Hex/Erth       #.........   100%        4    #####..
 Olgreb's Toxic Radiance  Pois           #.......     100%        4    #####..
 Passage of Golubria      Tloc           N/A          100%        4    #####..
 Petrify                  Tmut/Erth      #.......     100%        4    #####..
 Sticky Flame             Conj/Fire      #.......     100%        4    #####..
 Summon Ice Beast         Ice/Summ       #.......     100%        4    #####..
 Summon Lightning Spire   Summ/Air       #.......     100%        4    #####..
 Agony                    Necr           #.......     100%        5    ######.
 Alistair's Intoxication  Tmut/Pois      #.......     100%        5    ######.
 Bolt of Draining         Conj/Necr      #.........   100%        5    ######.
 Bolt of Magma            Conj/Fire/Erth #.........   100%        5    ######.
 Borgnjor's Vile Clutch   Necr/Erth      #.........   100%        5    ######.
 Dispel Undead            Necr           #.......     100%        5    ######.
 Excruciating Wounds      Chrm/Necr      #.........   100%        5    ######.
 Fireball                 Conj/Fire      #.........   100%        5    ######.
 Irradiate                Conj/Tmut      #.........   100%        5    ######.
 Lee's Rapid Deconstruct  Erth           #.........   100%        5    ######.
 Lightning Bolt           Conj/Air       #.........   100%        5    ######.
 Metabolic Englaciation   Hex/Ice        #.........   100%        5    ######.
 Summon Mana Viper        Hex/Summ       #.......     100%        5    ######.
 Venom Bolt               Conj/Pois      #.........   100%        5    ######.
 Yara's Violent Unravell  Hex/Tmut       #.........   100%        5    ######.
 Bolt of Fire             Conj/Fire      #.........   100%        6    #######
 Darkness                 Hex            #.........   100%        6    #######
 Freezing Cloud           Conj/Ice/Air   #.........   100%        6    #######
 Invisibility             Hex            #.......     100%        6    #######
 Iron Shot                Conj/Erth      #.........   100%        6    #######
 Poison Arrow             Conj/Pois      #.........   100%        6    #######
 Statue Form              Tmut/Erth      #........    100%        6    #######
 Malign Gateway           Summ/Tloc      #.........   100%        7    #######
 Monstrous Menagerie      Summ           #.........   100%        7    #######
 Ring of Flames           Chrm/Fire      #.........   100%        7    #######
 Spellforged Servitor     Conj/Summ      #.........   100%        7    #######
 Summon Greater Demon     Summ           #.........   100%        7    #######
 Summon Hydra             Summ           #.........   100%        7    #######
 Chain Lightning          Conj/Air       #.........   100%        8    #######
 Lehudib's Crystal Spear  Conj/Erth      #.........   100%        8    #######
 Summon Horrible Things   Summ           #.........   100%        8    #######
 Fire Storm               Conj/Fire      #.........   100%        9    #######
 Glaciate                 Conj/Ice       #.........   100%        9    #######
 Shatter                  Erth           #.........   100%        9    #######


Dungeon Overview and Level Annotations

Branches:
Dungeon (15/15)            Temple (0/1) D:5            Lair (6/6) D:11
 Shoals (4/4) Lair:2        Snake (4/4) Lair:3        Slime (0/5) Lair:5
    Orc (2/2) D:10            Elf (3/3) Orc:2        Vaults (5/5) D:13
  Crypt (0/3) Vaults:3     Depths (5/5) D:15            Zot (5/5) Depths:5

Altars:
Ashenzari
Elyvilon
Fedhas
Gozag
Kikubaaqudgha
Makhleb
Nemelex Xobeh
Okawaru
Ru
Sif Muna
Trog
Yredelemnul
Zin
Beogh
Jiyva
Lugonu

Shops:
D:7 [:?   D:12 ?   D:14 *[   D:15 *   Orc:2 [=(**   Shoals:3 (   Snake:1 [
Snake:2 (   Vaults:3 [   Vaults:5 (   Depths:4 ((*   Depths:5 ([

Portals:
Hell: Depths:1 Depths:2 Depths:3 Depths:4 Depths:5
Abyss: Depths:4
Pandemonium: Depths:3 Depths:5
Ziggurat: Depths:4

Annotations:
Lair:3 exclusion: 2 oklob plants
Lair:5 exclusion: oklob plant
Shoals:2 3 runed translucent doors, Woutahasch's ghost, journeyman HOFi
Zot:2 exclusion: 2 oklob plants


Innate Abilities, Weirdness & Mutations

You reflexively headbutt those who attack you in melee.
You have a pair of horns on your head.
You tend to lose your temper in combat.
You are clumsy. (Dex -2)
Armour fits poorly on your strangely shaped body.
Your magical capacity is low. (-10% MP)
You occasionally shout uncontrollably at your foes.
You are occasionally teleported next to monsters.
You are weak. (Str -2)
Your spells are a little harder to cast, but a little more powerful.
You evolve.
You expend magic power (3 MP) to strengthen your wands.


Message History

The orb of fire glows deep purple.
Strange energies course through your body.
The orb of fire enters a dispersal trap!
The ancient lich blinks! x2; The orb of fire blinks!
The ancient lich blinks!
You blink.
The orb of fire blinks!
The orb of fire glows bright magenta.
The fireball explodes!
The fireball engulfs you but does no damage.
The fireball engulfs the orb of fire.
The orb of fire completely resists.
The orb of fire glows yellow.
The bolt of fire hits you. You resist.
* * * LOW HITPOINT WARNING * * *
You cannot drink potions in your current state!
The orb of fire glows red.
The fireball explodes!
The fireball engulfs you!! You resist.
* * * LOW HITPOINT WARNING * * *
The orb of fire glows deep purple.
The bolt of fire hits the orb of fire.
The orb of fire completely resists.
The bolt of fire hits you!! You resist.
You die...

▓▓▓▓▓ #.....^................^.▓
....▓▓▓........................▓
.....▓▓.[..^..................▓▓
......▓......................▓▓
0.^2.p*...p....*............▓▓
.....2▓...........^..........▓▓
.....▓▓........*..............▓▓
....▓▓▓.....L....(.............▓
▓▓▓▓▓ ▓.........@..........^...▓
▓▓......................▓▓
▓▓▓...................▓▓
▓▓▓▓...^.........▓▓▓▓
▓▓▓▓▓▓▓▓▓▓▓▓▓▓▓


You could see 2 orbs of fire, a Killer Klown and an ancient lich.

Vanquished Creatures
  Tiamat (Zot:4)
  4 orbs of fire
  5 ancient liches
  Mara (Snake:4)
  Mennas (Vaults:5)
  2 juggernauts
  Boris (twice) (Depths:4 Depths:5)
  2 Killer Klowns (Zot:5)
  Margery (Vaults:3)
  Frederick (Vaults:4)
  Vashnia (Snake:2)
  5 curse toes
  Jory (Vaults:3)
  13 golden dragons
  2 liches
  5 electric golems
  11 tentacled monstrosities
  Jorgrun (Shoals:3)
  Rupert (D:15)
  22 Orb Guardians (Zot:5)
  Asterion (Snake:1)
  2 deep elf blademasters (Elf:3)
  7 titans
  Polyphemus (Shoals:3)
  2 deep elf master archers (Elf:3)
  4 quicksilver dragons
  8 death cobs
  4 sphinxes
  A kraken (Shoals:2)
  9 acid blobs (Zot:2)
  5 tengu reavers
  8 draconian monks
  11 storm dragons
  Donald (Snake:2)
  Roxanne (Snake:4)
  5 shadow dragons
  6 nagarajas
  Ilsuiw (Shoals:4)
  6 draconian knights
  15 vault wardens
  A ghost moth (Zot:4)
  6 fire giants
  10 frost giants
  6 deep elf sorcerers
  2 orc warlords
  A ghost moth (shapeshifter) (Vaults:5)
  Aizul (Snake:1)
  6 iron dragons
  2 caustic shrike zombies (Depths:4)
  6 draconian scorchers
  5 draconian shifters
  A reaper (Depths:3)
  6 deep elf elementalists
  8 draconian stormcallers
  2 spriggan defenders
  15 very ugly things
  2 war gargoyles (Vaults:5)
  16 ironheart preservers
  5 draconian annihilators
  4 vampire knights
  24 stone giants
  An entropy weaver (Vaults:4)
  11 red draconians
  10 deep elf demonologists
  Azrael (D:12)
  8 green draconians
  8 deep elf annihilators (Elf:3)
  7 white draconians
  6 purple draconians
  13 black draconians
  5 spark wasps
  19 yellow draconians
  Snorg (Lair:5)
  7 deep elf death magi
  17 fire dragons
  13 ettins
  6 deep elf high priests
  A crystal guardian (Vaults:4)
  7 merfolk impalers (Shoals:4)
  12 merfolk javelineers
  14 yaktaur captains
  36 vault guards
  Erolcha (D:13)
  21 naga warriors
  9 great orbs of eyes
  4 rakshasas
  9 ogre magi
  10 hydras
  Harold (D:10)
  2 monstrous demonspawn (Depths:3)
  4 spriggan air magi
  6 anacondas
  3 catoblepae
  8 ice dragons
  11 centaur warriors
  A death knight (Vaults:4)
  A juggernaut simulacrum (Depths:2)
  38 two-headed ogres
  26 dancing weapons
  4 merfolk aquamancers
  7 merfolk avatars
  A satyr (shapeshifter) (Vaults:5)
  3 vampire magi
  4 death yaks (Shoals:3)
  8 deep troll earth magi
  10 deep troll shamans
  A satyr (Shoals:4)
  23 naga sharpshooters
  4 orc high priests
  3 tengu warriors
  9 shock serpents
  6 spriggan berserkers
  11 hell knights
  18 deep elf knights
  7 iron trolls
  8 skeletal warriors
  A large abomination (Elf:1)
  3 salamander mystics
  A shadow wraith (Vaults:2)
  12 sea snakes
  7 unseen horrors
  A spriggan druid (Elf:1)
  A spark wasp zombie (Depths:4)
  An unseen horror (shapeshifter) (Vaults:5)
  2 phantasmal warriors
  2 wizards
  30 deep trolls
  A sea snake (shapeshifter) (Vaults:3)
  11 deep elf archers
  5 glowing orange brains
  16 ironbrand convokers
  2 naga ritualists
  Pikel (D:6)
  21 orc knights
  31 harpies
  2 frost giant zombies
  12 necromancers
  12 orc sorcerers
  A wolf spider (shapeshifter) (Depths:2)
  6 wolf spiders
  77 ugly things
  2 mana vipers
  15 cyclopes
  69 deep elf magi
  10 salamanders
  8 fauns
  A human zombie (Vaults:2)
  30 moths of wrath
  Maurice (Orc:1)
  An oklob plant (Zot:2)
  2 fire giant skeletons (Depths:4)
  A sphinx skeleton (Depths:4)
  10 manticores
  2 elephants (shapeshifter)
  6 guardian serpents
  2 iron dragon skeletons
  A spriggan zombie (Depths:2)
  16 elephants
  28 black mambas
  11 merfolk sirens
  31 naga magi
  A torpor snail (Lair:5)
  4 centaur zombies
  3 water nymphs
  12 vault sentinels
  23 spiny frogs
  6 kobold demonologists
  A yaktaur (shapeshifter) (Vaults:2)
  8 komodo dragons
  13 freezing wraiths
  An efreet (D:15)
  2 ice devils (Lair:5)
  A rime drake (shapeshifter) (Vaults:1)
  38 yaktaurs
  2 rime drakes (Lair:2)
  36 merfolk
  2 queen bees
  A spriggan skeleton (Depths:2)
  A jumping spider (shapeshifter) (Vaults:5)
  3 polar bears
  4 tyrant leeches (Lair:6)
  Grinder (D:5)
  A tengu conjurer (Depths:5)
  A merfolk (shapeshifter) (Vaults:5)
  2 hornets
  21 trolls
  A sphinx simulacrum (Depths:4)
  6 wind drakes
  32 blink frogs
  A blink frog (shapeshifter) (Depths:4)
  6 dream sheep
  25 slime creatures
  17 hippogriffs
  A meliai zombie (D:14)
  A human simulacrum (Vaults:2)
  10 snapping turtles
  28 water elementals
  4 wraiths
  2 redbacks (Vaults:4)
  2 air elementals
  A wyvern (D:10)
  69 yaks
  A redback (shapeshifter) (Vaults:5)
  2 tarantellas (Vaults:4)
  2 vampires
  A ynoxinul (Zot:4)
  A basilisk (shapeshifter) (Depths:3)
  6 fire elementals
  A hog (shapeshifter) (Elf:3)
  4 yaks (shapeshifter)
  A human (D:10)
  7 vampire mosquitoes
  Grum (D:8)
  A golden eye (shapeshifter) (Depths:2)
  4 basilisks
  2 neqoxecs (Depths:3)
  2 hungry ghosts (D:13)
  A steam dragon (D:9)
  Menkaure (D:7)
  7 wargs
  A deep troll zombie (Vaults:2)
  59 nagas
  An elf simulacrum (Depths:4)
  2 elf skeletons (Depths:4)
  2 soldier ants (shapeshifter)
  9 water moccasins
  4 floating eyes
  5 acid dragons
  59 orc warriors
  A slave (D:6)
  3 hell hounds (D:12)
  10 porcupines
  7 ice beasts
  A sky beast (shapeshifter) (Vaults:5)
  5 sky beasts
  2 necrophages
  3 black bears
  2 elephant zombies (Lair:3)
  32 ogres
  3 phantoms
  7 boggarts
  3 eyes of draining
  9 wolves
  13 centaurs
  17 crocodiles
  2 big kobolds
  29 bullfrogs
  2 wyvern zombies
  4 earth elementals
  A glowing shapeshifter simulacrum (Vaults:1)
  An ogre simulacrum (Vaults:1)
  A wyvern skeleton (D:13)
  7 scorpions
  48 killer bees
  15 wights
  4 electric eels
  10 howler monkeys
  14 crimson imps
  4 quasits
  5 bullfrog skeletons
  6 bullfrog zombies
  7 centaur skeletons
  28 orc priests
  11 hounds
  29 jellies
  33 orc wizards
  An iron imp (Depths:3)
  Crazy Yiuf (D:7)
  An iguana (D:12)
  11 worker ants
  6 hell rats (Lair:6)
  A crocodile zombie (Lair:3)
  4 gnolls
  A howler monkey skeleton (D:5)
  12 adders
  3 shadow imps
  An adder zombie (D:8)
  An adder skeleton (D:9)
  3 worms
  5 dart slugs
  6 leopard geckos
  119 orcs
  A ball python (D:4)
  8 giant cockroaches
  10 hobgoblins
  9 jackals
  3 quokkas
  7 bats
  11 frilled lizards
  11 goblins
  A jackal zombie (D:9)
  19 kobolds
  A leopard gecko skeleton (D:8)
  A quokka skeleton (D:9)
  6 rats
  A spectral orc (D:3)
  11 fungi
  31 plants
  2 tentacles (Shoals:2)
2569 creatures vanquished.

Vanquished Creatures (collateral kills)
  A merfolk siren (Shoals:4)
1 creature vanquished.

Vanquished Creatures (others)
  2 stone giants (Depths:5)
  A purple draconian (Zot:4)
  2 yaktaur captains
  A deep elf knight (Elf:2)
  A naga sharpshooter (Depths:5)
  An unseen horror (D:14)
  2 deep elf magi
  3 yaktaurs (Vaults:5)
  A naga (Snake:3)
  An ogre (Orc:2)
  A bullfrog zombie (D:9)
  3 orcs
  A bush (Lair:6)
  25 fungi
  52 plants
  4 tentacles (Shoals:2)
101 creatures vanquished.

Grand Total: 2671 creatures vanquished

Notes
Turn   | Place    | Note
-------+----------+-------------------------------------------
     0 | D:1      | Mrkan the Minotaur Fighter began the quest for the Orb.
     0 | D:1      | Reached XP level 1. HP: 19/19 MP: 0/0
    69 | D:1      | Reached XP level 2. HP: 20/27 MP: 1/1
   630 | D:2      | Reached skill level 4 in Fighting
   630 | D:2      | Reached XP level 3. HP: 27/33 MP: 2/2
  1116 | D:2      | Reached XP level 4. HP: 34/40 MP: 3/3
  1177 | D:2      | Found an iron altar of Okawaru.
  1177 | D:2      | Found a bloodstained altar of Trog.
  1348 | D:2      | Became a worshipper of Warmaster Okawaru
  1526 | D:3      | You fall into a shaft and drop 2 floors!
  1526 | D:5      | Entered Level 5 of the Dungeon
  1527 | D:5      | Found a sparkling altar of Nemelex Xobeh.
  2209 | D:3      | Reached XP level 5. HP: 35/47 MP: 4/4
  2376 | D:3      | Found a basalt altar of Yredelemnul.
  2533 | D:4      | Reached skill level 5 in Axes
  2656 | D:4      | Reached XP level 6. HP: 31/55 MP: 5/5
  2817 | D:4      | Found a sacrificial altar of Ru.
  2851 | D:4      | Reached skill level 5 in Fighting
  2853 | D:4      | Reached skill level 5 in Armour
  2853 | D:4      | Reached skill level 5 in Shields
  3066 | D:4      | Found a white marble altar of Elyvilon.
  3133 | D:4      | Reached * piety under Okawaru
  3373 | D:4      | Found an ancient bone altar of Kikubaaqudgha.
  3569 | D:4      | Found a burning altar of Makhleb.
  3569 | D:4      | Noticed a cacodemon
  3610 | D:5      | Reached XP level 7. HP: 26/61 MP: 6/6
  3807 | D:5      | Found a staircase to the Ecumenical Temple.
  3916 | D:5      | Noticed Grinder
  3993 | D:5      | Reached ** piety under Okawaru
  3995 | D:5      | Paralysed by Grinder for 4 turns
  4008 | D:5      | Paralysed by Grinder for 5 turns
  4020 | D:5      | Killed Grinder
  4020 | D:5      | Reached skill level 6 in Fighting
  4020 | D:5      | Reached XP level 8. HP: 28/70 MP: 7/7
  5130 | D:6      | Reached skill level 7 in Fighting
  5186 | D:6      | Reached *** piety under Okawaru
  5386 | D:7      | Noticed Menkaure
  5394 | D:7      | Killed Menkaure
  5394 | D:7      | Reached XP level 9. HP: 68/79 MP: 8/8
  5437 | D:7      | Noticed Pikel
  5454 | D:6      | Killed Pikel
  5454 | D:6      | Reached **** piety under Okawaru
  5656 | D:7      | Noticed a kobold demonologist
  5662 | D:7      | Noticed a kobold demonologist
  5665 | D:7      | Noticed a rust devil
  5666 | D:7      | Noticed a hellwing
  5667 | D:7      | Killed a kobold demonologist
  5667 | D:7      | Reached skill level 10 in Axes
  5672 | D:7      | Reached skill level 8 in Fighting
  5681 | D:7      | Gained mutation: You are partially covered in iridescent
                  | scales. (AC +2) [potion of mutation]
  5681 | D:7      | Gained mutation: Your spells are a little easier to cast,
                  | but a little less powerful. [potion of mutation]
  5681 | D:7      | Gained mutation: You are partially covered in slimy green
                  | scales. (AC +2) [potion of mutation]
  5681 | D:7      | Gained mutation: You expend magic power (3 MP) to
                  | strengthen your wands. [potion of mutation]
  5687 | D:7      | Gained mutation: Your body sometimes deteriorates upon
                  | taking damage. [a neqoxec]
  5689 | D:7      | Killed a kobold demonologist
  5790 | D:7      | Got a crystal hunting sling
  5841 | D:7      | Found Ilyd's Magic Scroll Shop.
  5850 | D:7      | Bought a scroll of enchant armour for 97 gold pieces
  5850 | D:7      | Bought a scroll of enchant weapon for 97 gold pieces
  5850 | D:7      | Found a flagged portal.
  6012 | D:7      | Reached ***** piety under Okawaru
  6044 | D:7      | Found Fuwkudgh's Book Boutique.
  6058 | D:7      | Found Maewne's Antique Armour Shop.
  6399 | D:7      | Reached XP level 10. HP: 90/90 MP: 9/9
  6458 | D:7      | Found a runed translucent door.
  6459 | D:7      | Noticed Crazy Yiuf
  6526 | D:7      | Killed Crazy Yiuf
  6743 | D:8      | Lost mutation: You are partially covered in iridescent
                  | scales. (AC +2) [potion of mutation]
  6743 | D:8      | Lost mutation: You expend magic power (3 MP) to strengthen
                  | your wands. [potion of mutation]
  6743 | D:8      | Gained mutation: Armour fits poorly on your strangely
                  | shaped body. [potion of mutation]
  6743 | D:8      | Gained mutation: You are covered in fur. (AC +1) [potion of
                  | mutation]
  6744 | D:8      | Lost mutation: Armour fits poorly on your strangely shaped
                  | body. [potion of mutation]
  6744 | D:8      | Lost mutation: Your spells are a little easier to cast, but
                  | a little less powerful. [potion of mutation]
  6744 | D:8      | Gained mutation: Your flesh is heat resistant. (rF+)
                  | [potion of mutation]
  6744 | D:8      | Gained mutation: You have a pair of large horns on your
                  | head. [potion of mutation]
  6781 | D:8      | Noticed Grum
  6807 | D:8      | Noticed a two-headed ogre
  6808 | D:8      | Killed Grum
  6818 | D:8      | Killed a two-headed ogre
  6818 | D:8      | Reached skill level 9 in Fighting
  7298 | D:9      | Found a shimmering blue altar of Sif Muna.
  7373 | D:9      | Received a gift from Okawaru
  7382 | D:9      | Got a pair of faintly humming gloves {god gift}
  7414 | D:9      | Identified the +0 pair of gloves of the Sun {rF+} (Okawaru
                  | gifted it to you on level 9 of the Dungeon)
  7887 | D:10     | Entered Level 10 of the Dungeon
  7917 | D:10     | Got a shimmering war axe
  7940 | D:10     | Identified the +2 war axe "Katzu" {antimagic, rPois} (You
                  | found it on level 10 of the Dungeon)
  7979 | D:10     | Reached XP level 11. HP: 94/99 MP: 3/10
  8196 | D:10     | Reached skill level 10 in Fighting
  8196 | D:10     | Reached skill level 10 in Armour
  8210 | D:10     | Reached skill level 10 in Shields
  8275 | D:10     | Found a staircase to the Orcish Mines.
  8675 | D:10     | Noticed Harold
  8689 | D:10     | Killed Harold
  8689 | D:10     | Reached ****** piety under Okawaru
  9087 | D:11     | Found a shattered altar of Ashenzari.
  9127 | D:11     | Noticed a two-headed ogre
  9140 | D:11     | Killed a two-headed ogre
  9140 | D:11     | Received a gift from Okawaru
  9261 | D:11     | Found a gate leading to a gauntlet.
 10559 | D:7      | Bought a scroll of identify for 26 gold pieces
 10559 | D:7      | Bought a scroll of identify for 26 gold pieces
 10562 | D:7      | Identified the +3 hunting sling "Jyetyxis" {freeze,
                  | *Corrode rElec rF+} (You found it on level 7 of the
                  | Dungeon)
 10801 | D:11     | Reached skill level 1 in Invocations
 10983 | D:11     | Found a staircase to the Lair.
 11004 | D:11     | Reached skill level 11 in Fighting
 11492 | D:11     | Reached XP level 12. HP: 63/110 MP: 4/12
 11571 | Lair:1   | Entered Level 1 of the Lair of Beasts
 12933 | Lair:2   | Received a gift from Okawaru
 12934 | Lair:2   | Got a jewelled war axe {god gift}
 12940 | Lair:2   | Identified the +6 war axe of Objectivity {drain, rF+}
                  | (Okawaru gifted it to you on level 2 of the Lair of Beasts)
 13074 | Lair:2   | Reached skill level 12 in Fighting
 13579 | Lair:2   | Found a staircase to the Shoals.
 13600 | Lair:2   | Reached skill level 15 in Axes
 13600 | Lair:2   | Reached skill level 5 in Invocations
 13708 | Lair:2   | Got a coiled bronze amulet
 13721 | Lair:2   | Reached skill level 1 in Evocations
 13800 | Lair:2   | Received a gift from Okawaru
 14442 | Lair:3   | Found a staircase to the Snake Pit.
 14565 | Lair:3   | Noticed a six-headed hydra
 14578 | Lair:3   | Killed a six-headed hydra
 14826 | Lair:3   | Got an encrusted plate armour
 14840 | Lair:3   | Identified the +7 plate armour "Teich" {rElec Int+2} (You
                  | found it on level 3 of the Lair of Beasts)
 14842 | Lair:3   | Identified the amulet of Birdsong {Harm *Drain rElec rC+
                  | SInv} (You found it on level 2 of the Lair of Beasts)
 14868 | Lair:3   | Identified a scroll of acquirement
 14869 | Lair:3   | Got a bound brass ring
 14871 | Lair:3   | Identified the ring of Bicer {Wiz Dex+4} (You acquired it
                  | on level 3 of the Lair of Beasts)
 15119 | Lair:3   | Reached XP level 13. HP: 115/119 MP: 5/15
 15711 | Lair:4   | Received a gift from Okawaru
 16799 | Lair:5   | Reached skill level 5 in Evocations
 16818 | Lair:5   | Noticed Snorg
 16834 | Lair:5   | Killed Snorg
 16932 | Lair:5   | Reached skill level 13 in Fighting
 16933 | Lair:5   | Received a gift from Okawaru
 17198 | Lair:5   | Found a frozen archway.
 17466 | Lair:5   | Found a blossoming altar of Fedhas.
 17645 | Lair:5   | Found a viscous altar of Jiyva.
 17645 | Lair:5   | Found a staircase to the Slime Pits.
 17762 | Lair:6   | Entered Level 6 of the Lair of Beasts
 17878 | Lair:6   | Reached XP level 14. HP: 44/129 MP: 18/18
 18171 | Lair:6   | Received a gift from Okawaru
 18172 | Lair:6   | Got an ancient cloak {god gift}
 18445 | Lair:6   | Identified the +1 cloak of Noughts and Crosses {Str+3}
                  | (Okawaru gifted it to you on level 6 of the Lair of Beasts)
 18618 | Lair:6   | Reached skill level 14 in Fighting
 19609 | D:11     | Reached skill level 15 in Shields
 20092 | Orc:1    | Entered Level 1 of the Orcish Mines
 20096 | Orc:1    | Received a gift from Okawaru
 20097 | Orc:1    | Got a pair of heavily runed boots {god gift}
 20109 | Orc:1    | Identified the +2 pair of boots of Okawaru's Approval {rN+}
                  | (Okawaru gifted it to you on level 1 of the Orcish Mines)
 20407 | Orc:2    | Entered Level 2 of the Orcish Mines
 20414 | Orc:2    | Found a staircase to the Elven Halls.
 20416 | Orc:2    | Noticed a stone giant
 20418 | Orc:2    | Paralysed by an orc sorcerer for 2 turns
 20433 | Orc:2    | Killed a stone giant
 20491 | Orc:2    | Found Hioreogas's Antique Weapon Boutique.
 20755 | Orc:2    | Noticed an orc warlord
 20765 | Orc:2    | Killed an orc warlord
 20769 | Orc:2    | Reached XP level 15. HP: 133/139 MP: 20/20
 20793 | Orc:2    | Found Pustaoge's General Store.
 20825 | Orc:2    | Found Ofaebass's Assorted Antiques.
 20841 | Orc:2    | Found Mixisep's Jewellery Emporium.
 21208 | Orc:2    | Reached skill level 1 in Dodging
 21211 | Orc:2    | Found Luavvoan's Antique Armour Boutique.
 21220 | Orc:2    | Reached skill level 15 in Fighting
 21446 | Orc:2    | Found a roughly hewn altar of Beogh.
 22013 | Orc:1    | Noticed Maurice
 22019 | Orc:1    | Killed Maurice
 22624 | D:12     | Noticed Azrael
 22641 | D:12     | Killed Azrael
 22641 | D:12     | Received a gift from Okawaru
 22642 | D:12     | Got a bloodstained broad axe {god gift}
 22652 | D:12     | Identified the +7 broad axe "Huneakih" {elec, rF+ rC-
                  | Stlth+} (Okawaru gifted it to you on level 12 of the
                  | Dungeon)
 22660 | D:12     | You fall into a shaft and drop 2 floors!
 22797 | D:14     | Reached skill level 5 in Dodging
 22823 | D:13     | Received a gift from Okawaru
 23320 | D:13     | Found a gate to the Vaults.
 23349 | D:13     | Noticed Erolcha
 23354 | D:13     | Killed Erolcha
 23531 | D:13     | Found a white marble altar of Elyvilon.
 24144 | D:12     | Found Ihai's Magic Scroll Shoppe.
 24153 | D:12     | Bought a scroll of teleportation for 33 gold pieces
 24710 | D:14     | Received a gift from Okawaru
 24730 | D:14     | Found Volam's Antique Armour Emporium.
 24833 | D:14     | Identified the Handbook of the Blaze
 24886 | D:14     | Identified the +3 rapier of Propriety {elec, Dex+4}
 24972 | D:14     | Found Ogromm's Assorted Antiques.
 24975 | D:14     | Bought a pair of polished gloves for 304 gold pieces
 24975 | D:14     | Bought a scroll of enchant armour for 240 gold pieces
 25006 | D:14     | Identified the +2 pair of gloves of Wojuq {-Cast rElec
                  | rC+++} (You bought it in a shop on level 14 of the Dungeon)
 25057 | D:14     | Reached XP level 16. HP: 149/150 MP: 21/21
 25623 | D:15     | Entered Level 15 of the Dungeon
 25645 | D:15     | Found Ysuylajo's Profane Products.
 25645 | D:15     | Found a basalt altar of Yredelemnul.
 25646 | D:15     | Noticed Rupert
 25646 | D:15     | Paralysed by Rupert for 7 turns
 25662 | D:15     | Killed Rupert
 25827 | D:15     | Found a glowing silver altar of Zin.
 25848 | D:15     | Reached skill level 16 in Fighting
 25999 | D:15     | Found a staircase to the Depths.
 26377 | D:12     | Bought a scroll of enchant armour for 82 gold pieces
 26823 | Shoals:1 | Entered Level 1 of the Shoals
 26861 | Shoals:1 | Received a gift from Okawaru
 26930 | Shoals:1 | Received a gift from Okawaru
 27092 | Shoals:1 | Found a glowing silver altar of Zin.
 27647 | Shoals:2 | Reached skill level 10 in Dodging
 27829 | Shoals:2 | Noticed a kraken
 27842 | Shoals:2 | Killed a kraken
 27919 | Shoals:2 | Found a runed translucent gate.
 27919 | Shoals:2 | Found a runed translucent gate.
 27919 | Shoals:2 | Found a runed translucent gate.
 27922 | Shoals:2 | Noticed Woutahasch's ghost (journeyman HOFi)
 28363 | Shoals:3 | Found Ociblech's Antique Weapon Emporium.
 28472 | Shoals:3 | Noticed Polyphemus
 28482 | Shoals:3 | Reached XP level 17. HP: 84/159 MP: 22/22
 28489 | Shoals:3 | Killed Polyphemus
 28870 | Shoals:3 | Noticed Jorgrun
 28904 | Shoals:3 | Killed Jorgrun
 29402 | Shoals:4 | Entered Level 4 of the Shoals
 29412 | Shoals:4 | Received a gift from Okawaru
 29452 | Shoals:4 | Noticed Ilsuiw
 29929 | Shoals:4 | Killed Ilsuiw
 29934 | Shoals:4 | Got a crude large shield {god gift}
 30159 | Shoals:4 | Identified the +4 large shield of Honesty {rPois rN+ MP-9}
                  | (Okawaru gifted it to you on level 4 of the Shoals)
 30554 | Shoals:4 | HP: 6/160 [merfolk javelineer/javelin (14)]
 30581 | Shoals:4 | Got a barnacled rune of Zot
 30674 | Shoals:4 | Reached skill level 17 in Fighting
 31226 | Shoals:4 | Identified Nalior's Disquisition on Poison and Summoning
 31296 | Shoals:4 | Identified the Handbook of Torrid Stones
 31860 | Shoals:4 | Identified the Catalogue of Cold and Battle Magic
 32242 | Snake:1  | Entered Level 1 of the Snake Pit
 32262 | Snake:1  | Received a gift from Okawaru
 32276 | Snake:1  | Got a faintly humming shield {god gift}
 32425 | Snake:1  | Identified the +0 shield of Detouc {+Fly} (Okawaru gifted
                  | it to you on level 1 of the Snake Pit)
 32451 | Snake:1  | Noticed Asterion
 32474 | Snake:1  | Killed Asterion
 32478 | Snake:1  | Noticed Aizul
 32495 | Snake:1  | Killed Aizul
 32769 | Snake:1  | Found Jeyjot's Antique Armour Shop.
 33146 | Snake:2  | Reached XP level 18. HP: 144/170 MP: 24/24
 33403 | Snake:2  | Reached skill level 10 in Invocations
 33473 | Snake:2  | Noticed Vashnia
 33504 | Snake:2  | Noticed Donald
 33528 | Snake:2  | Killed Vashnia
 33546 | Snake:2  | Killed Donald
 33963 | Snake:2  | Found Obaokiaj's Antique Weapon Emporium.
 34172 | Snake:3  | Received a gift from Okawaru
 34180 | Snake:3  | Got a pair of heavily runed boots {god gift}
 34181 | Snake:3  | Identified the +1 pair of boots of Wasted Space {rN+}
                  | (Okawaru gifted it to you on level 3 of the Snake Pit)
 34897 | Snake:3  | Reached skill level 15 in Armour
 35079 | Snake:4  | Entered Level 4 of the Snake Pit
 35124 | Snake:4  | Reached skill level 18 in Fighting
 35203 | Snake:4  | Identified Roxanne's Incunabulum of Earth
 35203 | Snake:4  | Noticed Roxanne
 35222 | Snake:4  | Killed Roxanne
 35703 | Snake:4  | Noticed Mara
 35711 | Snake:4  | Noticed Mrkan's illusion
 35763 | Snake:4  | Killed Mara
 35763 | Snake:4  | Received a gift from Okawaru
 36047 | Snake:4  | Reached XP level 19. HP: 66/179 MP: 26/26
 36984 | Snake:4  | Got a serpentine rune of Zot
 37680 | D:14     | Bought a runed lead wand for 128 gold pieces
 37680 | D:14     | Bought a blackened iron ring for 160 gold pieces
 37680 | D:14     | Bought a scroll of blinking for 240 gold pieces
 37680 | D:14     | Bought a twisted onyx ring for 160 gold pieces
 37773 | Vaults:1 | Entered Level 1 of the Vaults
 38012 | Vaults:1 | Received a gift from Okawaru
 38871 | Vaults:1 | Reached skill level 19 in Fighting
 39307 | Vaults:1 | Received a gift from Okawaru
 39331 | Vaults:1 | Reached XP level 20. HP: 180/191 MP: 28/28
 39953 | Vaults:2 | Got a bound sapphire amulet
 40889 | Vaults:3 | Noticed Jory
 40907 | Vaults:3 | Killed Jory
 41165 | Vaults:3 | Noticed Margery
 41183 | Vaults:3 | Killed Margery
 41183 | Vaults:3 | Received a gift from Okawaru
 41367 | Vaults:3 | Identified the amulet of Toereery {-Tele rElec rPois MR++
                  | Regen+} (You found it on level 2 of the Vaults)
 41560 | Vaults:3 | Found a staircase to the Crypt.
 41752 | Vaults:3 | Paralysed by a great orb of eyes for 3 turns
 41779 | Vaults:3 | Found Aluemunn's Antique Armour Shop.
 42012 | Vaults:3 | Received a gift from Okawaru
 42169 | Vaults:3 | Reached skill level 20 in Fighting
 42584 | Vaults:4 | Noticed Frederick
 42601 | Vaults:4 | Killed Frederick
 42601 | Vaults:4 | Received a gift from Okawaru
 42601 | Vaults:4 | Reached XP level 21. HP: 183/201 MP: 29/29
 42927 | Vaults:4 | Noticed an ancient lich
 43776 | Vaults:4 | Killed an ancient lich
 44737 | Orc:2    | Bought 2 potions of mutation for 432 gold pieces
 44737 | Orc:2    | Bought a potion of haste for 270 gold pieces
 44739 | Orc:2    | Bought a scroll of summoning for 256 gold pieces
 44740 | Orc:2    | Lost mutation: Your body sometimes deteriorates upon taking
                  | damage. [potion of mutation]
 44740 | Orc:2    | Lost mutation: You have a pair of large horns on your head.
                  | [potion of mutation]
 44740 | Orc:2    | Lost mutation: You are partially covered in slimy green
                  | scales. (AC +2) [potion of mutation]
 44740 | Orc:2    | Lost mutation: You are covered in fur. (AC +1) [potion of
                  | mutation]
 44740 | Orc:2    | Gained mutation: You are clumsy. (Dex -2) [potion of
                  | mutation]
 44740 | Orc:2    | Gained mutation: Your mind is acute. (Int +2) [potion of
                  | mutation]
 44740 | Orc:2    | Gained mutation: You have a pair of large horns on your
                  | head. [potion of mutation]
 44741 | Orc:2    | Lost mutation: You are clumsy. (Dex -2) [potion of
                  | mutation]
 44741 | Orc:2    | Lost mutation: Your mind is acute. (Int +2) [potion of
                  | mutation]
 44741 | Orc:2    | Lost mutation: Your flesh is heat resistant. (rF+) [potion
                  | of mutation]
 44741 | Orc:2    | Lost mutation: You have a pair of large horns on your head.
                  | [potion of mutation]
 44741 | Orc:2    | Gained mutation: You are frail. (-10% HP) [potion of
                  | mutation]
 44741 | Orc:2    | Gained mutation: Your mind is acute. (Int +2) [potion of
                  | mutation]
 44903 | Elf:1    | Entered Level 1 of the Elven Halls
 45014 | Elf:1    | Received a gift from Okawaru
 45734 | Elf:1    | Found a runed translucent gate.
 45734 | Elf:1    | Found a runed translucent gate.
 45734 | Elf:1    | Found a runed translucent gate.
 45734 | Elf:1    | Found a runed translucent gate.
 45734 | Elf:1    | Found a runed translucent gate.
 45736 | Elf:1    | Found a runed translucent gate.
 46937 | Elf:2    | Found a huge runed translucent gate.
 46937 | Elf:2    | Found a huge runed translucent gate.
 46937 | Elf:2    | Found a huge runed translucent gate.
 46940 | Elf:2    | Found a huge runed translucent gate.
 46941 | Elf:2    | Found a huge runed translucent gate.
 47160 | Elf:2    | Reached skill level 21 in Fighting
 47179 | Elf:2    | Received a gift from Okawaru
 47457 | Elf:2    | Reached skill level 15 in Dodging
 47613 | Elf:3    | Entered Level 3 of the Elven Halls
 47649 | Elf:3    | Reached XP level 22. HP: 191/191 MP: 30/30
 49284 | Elf:3    | Identified the ring "Koqaob" {+Fly rElec AC+1}
 49848 | Depths:1 | Entered Level 1 of the Depths
 49865 | Depths:1 | Received a gift from Okawaru
 50378 | Depths:1 | Found a gateway to Hell.
 51061 | Depths:2 | Reached skill level 22 in Fighting
 51242 | Depths:2 | Reached XP level 23. HP: 199/199 MP: 31/31
 51331 | Depths:2 | Received a gift from Okawaru
 51546 | Depths:2 | Found a portal to a secret trove of treasure.
 51908 | Depths:2 | You paid a toll of 3 potions of resistance to enter a
                  | treasure trove
 51909 | Trove    | Entered a treasure trove
 51943 | Trove    | Got a wavering diamond amulet
 51945 | Trove    | Got a fine diamond amulet
 51948 | Trove    | Identified the amulet of Hefeots {Harm *Drain rC- Str+4
                  | Dex-5 Slay+6} (You found it in a treasure trove)
 51949 | Trove    | Identified the amulet of Broken Luck {+Rage rElec} (You
                  | found it in a treasure trove)
 51973 | Trove    | Identified Sif Muna's Spellcraft, Part One
 52477 | Depths:3 | Received a gift from Okawaru
 52514 | Depths:3 | Found a one-way gate leading to the halls of Pandemonium.
 52623 | Depths:3 | Received a gift from Okawaru
 53446 | Depths:4 | Noticed a juggernaut
 53467 | Depths:4 | Killed a juggernaut
 53483 | Depths:4 | Paralysed by a great orb of eyes for 6 turns
 53612 | Depths:4 | Paralysed by a sphinx for 2 turns
 53860 | Depths:4 | Found Gozag's Antique Weapon Boutique.
 53871 | Depths:4 | Found Gozag's Assorted Antiques.
 53871 | Depths:4 | Found an opulent altar of Gozag.
 53897 | Depths:4 | Found Gozag's Antique Weapon Shop.
 53898 | Depths:4 | Noticed Boris
 53912 | Depths:4 | Killed Boris
 53912 | Depths:4 | Received a gift from Okawaru
 54025 | Depths:4 | Found a gateway to a ziggurat.
 54441 | Depths:4 | Found a corrupted altar of Lugonu.
 54442 | Depths:4 | Found a one-way gate to the infinite horrors of the Abyss.
 55045 | Vaults:5 | Entered Level 5 of the Vaults
 55054 | Vaults:5 | Reached skill level 23 in Fighting
 55054 | Vaults:5 | Reached XP level 24. HP: 210/210 MP: 25/31
 55059 | Vaults:5 | Received a gift from Okawaru
 55232 | Vaults:5 | Reached skill level 10 in Evocations
 55283 | Vaults:5 | Got a silver rune of Zot
 55877 | Vaults:5 | Found Okugem's Antique Weapon Emporium.
 55941 | Vaults:5 | Received a gift from Okawaru
 56247 | Vaults:5 | Identified the cursed +0 large shield "Doebb" {*Corrode
                  | rPois MP+9 Str+6}
 56247 | Vaults:5 | Noticed Mennas
 56338 | Vaults:5 | Killed Mennas
 56432 | Vaults:5 | Identified the +5 lajatang "Anukh" {slice, rF+ Int+3}
 56432 | Vaults:5 | Identified the +7 plate armour of Orghuofu {Dex+4}
 56432 | Vaults:5 | Identified the +4 falchion "Bimev" {distort, rN+ SInv}
 57122 | Vaults:5 | Identified the +1 battleaxe "Tiluxos" {chop, Stlth+}
 57122 | Vaults:5 | Identified the ring "Jomoz" {+Fly Int+4 Slay+3}
 57144 | Vaults:5 | Identified An Early Guide to Thaumaturgy
 57793 | D:14     | You fall into a shaft and drop 1 floor!
 57909 | Depths:2 | You fall into a shaft and drop 2 floors!
 57921 | Depths:5 | Entered Level 5 of the Depths
 57966 | Depths:5 | Reached XP level 25. HP: 206/220 MP: 32/33
 58025 | Depths:5 | Found a gate to the Realm of Zot.
 58057 | Depths:5 | Paralysed by a floating eye for 2 turns
 58092 | Depths:5 | Got a translucent steel ring
 58094 | Depths:5 | Identified the ring of Sickaima {+Fly rPois rF- rN+++
                  | Str-3} (You found it on level 5 of the Depths)
 58188 | Depths:5 | Received a gift from Okawaru
 58189 | Depths:5 | Noticed Boris
 58191 | Depths:5 | Reached skill level 15 in Invocations
 58207 | Depths:5 | Killed Boris
 58256 | Depths:5 | Identified the cursed ring of the Evening {rPois MR+ EV-4
                  | Str+3 Dex+4}
 58264 | Depths:5 | Noticed a juggernaut
 58275 | Depths:5 | Killed a juggernaut
 58473 | Depths:5 | Reached skill level 24 in Fighting
 58719 | Depths:5 | Found Unurent's Antique Weapon Boutique.
 58817 | Depths:5 | Found Xiecuil's Armour Shop.
 58846 | Depths:5 | Lost mutation: You are frail. (-10% HP) [potion of
                  | mutation]
 58846 | Depths:5 | Lost mutation: Your mind is acute. (Int +2) [potion of
                  | mutation]
 58846 | Depths:5 | Gained mutation: You have supernaturally acute eyesight.
                  | (SInv) [potion of mutation]
 58846 | Depths:5 | Gained mutation: Your spells are a little harder to cast,
                  | but a little more powerful. [potion of mutation]
 58846 | Depths:5 | Gained mutation: You tend to lose your temper in combat.
                  | [potion of mutation]
 58846 | Depths:5 | Gained mutation: You evolve. [potion of mutation]
 58898 | Depths:5 | Paralysed by a floating eye for 2 turns
 58994 | Depths:5 | Received a gift from Okawaru
 59172 | Depths:5 | Got a fine tin ring
 59175 | Depths:5 | Identified the ring "Loczaq" {+Fly Str+4 SInv} (You found
                  | it on level 5 of the Depths)
 59226 | Zot:1    | Entered Level 1 of the Realm of Zot
 59285 | Zot:1    | Noticed an orb of fire
 59312 | Zot:1    | Killed an orb of fire
 60337 | Zot:1    | Reached XP level 26. HP: 165/256 MP: 34/34
 60589 | Zot:2    | Received a gift from Okawaru
 61402 | Zot:2    | You fall into a shaft and drop 1 floor!
 61476 | Zot:2    | Reached skill level 15 in Evocations
 62519 | Zot:2    | Received a gift from Okawaru
 64294 | Zot:3    | Reached skill level 25 in Fighting
 64686 | Zot:4    | Identified the +4 dragonskin cloak
 64686 | Zot:4    | Noticed Tiamat
 64740 | Zot:4    | Killed Tiamat
 65124 | Zot:4    | Received a gift from Okawaru
 65135 | Zot:4    | Reached XP level 27. HP: 144/266 MP: 34/34
 65846 | Zot:4    | Got a pair of shimmering boots
 65847 | Zot:4    | Identified the +0 pair of boots of Idinakh {*Corrode Str+3
                  | Int+7} (You found it on level 4 of the Realm of Zot)
 65915 | Zot:4    | Received a gift from Okawaru
 66134 | Zot:5    | Entered Level 5 of the Realm of Zot
 66135 | Zot:5    | Noticed an orb of fire
 66136 | Zot:5    | Gained mutation: You are occasionally teleported next to
                  | monsters. [an orb of fire]
 66144 | Zot:5    | Gained mutation: You expend magic power (3 MP) to
                  | strengthen your wands. [an orb of fire]
 66158 | Zot:5    | Lost mutation: You have supernaturally acute eyesight.
                  | (SInv) [an orb of fire]
 66162 | Zot:5    | Gained mutation: You occasionally shout uncontrollably at
                  | your foes. [an orb of fire]
 66164 | Zot:5    | Gained mutation: You are weak. (Str -2) [an orb of fire]
 66165 | Zot:5    | Killed an orb of fire
 66657 | Zot:5    | Noticed an ancient lich
 66676 | Zot:5    | Killed an ancient lich
 66709 | Zot:5    | Received a gift from Okawaru
 66711 | Zot:5    | Noticed an ancient lich
 66729 | Zot:5    | Killed an ancient lich
 66731 | Zot:5    | Noticed an orb of fire
 66742 | Zot:5    | Noticed an ancient lich
 66744 | Zot:5    | Gained mutation: Armour fits poorly on your strangely
                  | shaped body. [an orb of fire]
 66752 | Zot:5    | Noticed an ancient lich
 66756 | Zot:5    | Killed an orb of fire
 66766 | Zot:5    | Killed an ancient lich
 66788 | Zot:5    | Killed an ancient lich
 67327 | Zot:5    | Received a gift from Okawaru
 67349 | Zot:5    | Got a fine hat {god gift}
 67350 | Zot:5    | Identified the -4 hat of Vexation {+Fly rF+ Str+4 Int-4}
                  | (Okawaru gifted it to you on level 5 of the Realm of Zot)
 67407 | Zot:5    | Reached skill level 26 in Fighting
 67420 | Zot:5    | Noticed an ancient lich
 67420 | Zot:5    | Noticed an orb of fire
 67421 | Zot:5    | Noticed an orb of fire
 67424 | Zot:5    | Noticed an orb of fire
 67446 | Zot:5    | Killed an orb of fire
 67450 | Zot:5    | Gained mutation: You are clumsy. (Dex -2) [an orb of fire]
 67461 | Zot:5    | Gained mutation: Your magical capacity is low. (-10% MP)
                  | [an orb of fire]
 67467 | Zot:5    | HP: 4/269 [orb of fire/fireball (18)]
 67467 | Zot:5    | Killed from afar by an orb of fire

Levels and vault maps discovered:
D:1:      wander_arrival_desolate, layout_loops_cross
D:2:      layout_loops_ring, gammafunk_temple_overflow_wave, first_ration,
          minmay_pentomino_x4
D:3:      layout_basic, yredelemnul_forgotten_temple_becter, corner_web_ring
D:4:      layout_basic, makhleb_altar_promises_db,
          lemuel_zombie_altar_kikubaaqudgha, lemuel_doored_altar,
          nicolae_ru_great_annihilating_truth
D:5:      layout_rooms, overflow_temple_1_default,
          minmay_temple_entry_overgrown, kennysheep_generic_room_12,
          uniq_grinder
D:6:      layout_basic
D:7:      layout_cave_pools, enter_bailey_6, serial_shops, shop,
          nicolae_shop_trees, nicolae_shop_trees, uniq_pikel,
          uniq_crazy_yiuf_cottage, uniq_menkaure
D:8:      layout_rooms, uniq_grum
D:9:      layout_cave_pools, lemuel_round_altar, serial_column_ruins,
          column_ruins_hut_ruined, column_ruins_hut_ruined,
          column_ruins_open_small, column_ruins_open_small_water,
          column_ruins_columns_straight, column_ruins_grid_1,
          column_ruins_grid_1, column_ruins_open_tiny,
          column_ruins_corridor_straight
D:10:     layout_roguey, erik_orc_4, uniq_harold
D:11:     layout_basic, lair_entry_dummy, special_room [special_room_orc],
          gauntlet_entry_generic, david_nohive_1, nicolae_ashenzari_panopticon
D:12:     layout_small_grid, serial_shops, nicolae_shop_waterfront, uniq_azrael
D:13:     layout_long_grid, skrybe_vaults_entry_preservation, elyvilon_altar_1,
          uniq_erolcha
D:14:     minmay_the_grid_octo_tiled_squarecenter_mashed
          [minmay_the_grid_octo_thin_diamonds, minmay_the_grid_octo_pinwheel,
          minmay_the_grid_octo_fat_diamond, minmay_the_grid_octo_fan_narrow,
          minmay_the_grid_square_5x5_megaprize_crossed,
          minmay_the_grid_square_5x5_gyroscope,
          minmay_the_grid_square_5x5_doubleslash,
          minmay_the_grid_square_5x5_tetrominoes,
          minmay_the_grid_square_5x5_trominoes], layout_grid_maze, serial_shops,
          nicolae_shop_behind_doors, nicolae_shop_crystal,
          wad_floor_pattern_untrapped, st_stairs_5
D:15:     grunt_enter_depths_snipers, layout_rooms, zin_angel,
          nicolae_evil_shop, uniq_rupert
Lair:1:   layout_gridlike, beast_lair_carwin_6
Lair:2:   regret_index_wax_grids, layout_cave_shapes,
          minmay_shoals_entry_lonely_mermaid, serial_bayou_shore_b
Lair:3:   pond_and_an_island_with_a_cottage, layout_small_grid,
          grunt_megastairs_1, minmay_lair_oklob_chamber
Lair:4:   layout_regular_city, serial_bayou_shore_a
Lair:5:   layout_regular_city, dpeg_slime_entry_enclosed_altar,
          portal_ice_cave_demonic_guard, chequers_serial_rivers_room_a,
          serial_bayou_pond_e, tgw_fedhas, uniq_snorg
Lair:6:   minmay_lair_end_frog_pond, layout_cave_pods
Shoals:1: layout_shoals, lemuel_altar_in_water
Shoals:2: layout_shoals, gammafunk_ghost_tricky_traps
Shoals:3: layout_shoals, serial_shops, shop, nicolae_shoals_hunting_party,
          uniq_jorgrun, uniq_polyphemus
Shoals:4: shoals_end_simple, layout_shoals, shoal_ilsuiw
Snake:1:  layout_misc_corridors, serial_shops, shop_statue,
          nrook_guardian_serpent_double, uniq_aizul, uniq_asterion
Snake:2:  layout_onion, serial_shops, shop, uniq_donald, uniq_vashnia
Snake:3:  layout_gridlike, st_stairs_10, serial_bayou_pond_a
Snake:4:  snake_pit, layout_cave_town, uniq_mara, uniq_roxanne
Orc:1:    layout_diamond_mine, uniq_maurice
Orc:2:    grunt_orc_gardens, layout_caves, grunt_orc_garden, grunt_orc_garden,
          grunt_orc_garden, grunt_orc_garden, serial_shops, shop,
          minmay_orc_temple_c
Elf:1:    minmay_elf_arrival_circle, layout_loops_cross, orc_legates,
          kilobyte_rumbling_trees
Elf:2:    layout_geoelf_diagonals
Elf:3:    grunt_elf_hall_asides, layout_geoelf_grid
Vaults:1: nicolae_vaults_theta, ontoclasm_vaults_loading_screen,
          grunt_vaults_swirl, v_pattern_3, v_misc_13,
          vaults_room_stairs_pillars, v_misc_5, st_eye,
          nicolae_vaults_network_quinsquares
          [nicolae_vaults_network_quincunx_subvault,
          nicolae_vaults_network_quincunx_subvault,
          nicolae_vaults_network_quincunx_subvault,
          nicolae_vaults_network_quincunx_subvault],
          nicolae_vaults_windows_and_doors_thing, vaults_standard_mumra_lines,
          vaults_dpeg_hooks, vaults_room_pools, layout_vaults_maze_snakey
Vaults:2: vaults_room_hallway, nicolae_vaults_diagonal_hallway_7,
          vaults_room_stairs_pillars, v_misc_24, v_alt_pattern_2,
          vaults_mumra_hexcomb, nicolae_vaults_shelves_hall, v_misc_4,
          v_misc_23, layout_vaults_quadrants
Vaults:3: hangedman_vaults_slice, v_misc_25, dpeg_vaults_monster_row,
          minmay_crypt_entry_simple_sparse, vaults_dpeg_cross, vaults_mumra_lcd,
          hangedman_vaults_trim, nicolae_vaults_sealed_display,
          vaults_room_stairs_pillars, vaults_room_semicircle, vaults_room_grid,
          v_misc_18, nicolae_vaults_little_squares_4, ontoclasm_vaults_gallery,
          layout_vaults_chaotic_city, serial_shops, shop_statue, uniq_jory,
          uniq_margery
Vaults:4: nicolae_vaults_murderbox, v_misc_3, dpeg_vaults_monster_box,
          v_rooms_1, nicolae_vaults_big_angled_halls, nicolae_vaults_little_ls,
          vaults_mumra_chevron_long, v_misc_27, vaults_room_door_ring,
          vaults_standard_mumra_enter_the_diamond, hangedman_vaults_stream,
          nicolae_vaults_diagonal_hallway_9, ontoclasm_vaults_fault,
          layout_vaults_omnibox, uniq_frederick
Vaults:5: serial_shops, uniq_mennas
Depths:1: layout_cave_pools, hangedman_abyss_or_decor_slice,
          pf_vacation_house_of_asmodeus, kennysheep_generic_room_8
Depths:2: evilmike_cross, layout_cave_shapes, pf_coc_iceberg, enter_trove_5,
          ebering_dispersal_statue_hall, grunt_ministairs_15, chequers_big_river
Depths:3: kennysheep_funnel, layout_gridlike, grunt_hell_entry_dis_old,
          minmay_misc_feat_plants, rand_demon_pan_entry_4,
          lightli_fourway_metalbox
Depths:4: kennysheep_gozag_temple, layout_cave_pools, enter_ziggurat_e,
          abyss_entry_flame_altar, hell_entry, uniq_boris
Depths:5: hangedman_spin_cycle, pan_entry, hell_entry
Zot:1:    kennysheep_six_static_rooms, layout_misc_corridors
Zot:2:    lemuel_acid_trip, layout_onion, hangedman_zot_wheel_spokes,
          zot_minivault_1
Zot:3:    layout_gridlike
Zot:4:    layout_basic, grunt_ministairs_5, uniq_tiamat
Zot:5:    layout_twisted_circle

Skill      XL: |  1  2  3  4  5  6  7  8  9 10 11 12 13 14 15 16 17 18 19 20 21 22 23 24 25 26 27 |
---------------+----------------------------------------------------------------------------------+-----
Axes           | 3 4 5 6 7 9 11 12 14 15 16 17 18 19 20 21 22 23 24 | 24.7
Armour         | 4 5 6 7 8 9 10 12 13 14 15 16 17 19 20 21 22 23 24 | 24.5
Shields        | 4 5 6 7 8 9 11 12 13 15 17 18 20 21 22 23 | 23.2
Fighting       | 4 5 6 7 8 9 11 12 13 14 15 16 17 18 19 20 21 22 23 24 25 26 | 26.0
Invocations    | 2 5 6 8 9 11 12 14 16 17 | 17.6
Evocations     | 3 6 8 9 12 14 16 17 | 17.9
Dodging        | 7 10 11 12 13 15 16 17 | 17.5

Action                   |  1- 3 |  4- 6 |  7- 9 | 10-12 | 13-15 | 16-18 | 19-21 | 22-24 | 25-27 || total
-------------------------+-------+-------+-------+-------+-------+-------+-------+-------+-------++-------
Melee: War axe           |   102 |   142 |   230 |   850 |    54 |       |       |       |       ||  1378
       Headbutt          |    10 |    23 |    44 |   195 |   238 |   288 |   396 |   428 |   487 ||  2109
       Broad axe         |       |       |       |       |   761 |  1146 |  1322 |  1297 |  1276 ||  5802
Invok: Finesse           |       |       |       |     1 |     1 |       |     2 |     2 |     7 ||    13
       Heroism           |       |       |       |       |       |       |     1 |     2 |     7 ||    10
Evoke: Wand              |       |       |       |    13 |    43 |    21 |     4 |    30 |     4 ||   115
  Use: Potion            |       |       |     5 |     4 |     5 |     7 |     6 |     3 |     2 ||    32
       Scroll            |       |       |       |    24 |    24 |     9 |    16 |    17 |     7 ||    97
 Stab: Invisible         |       |     1 |       |       |       |       |       |       |       ||     1
       Paralysed         |       |     1 |       |       |       |       |       |       |       ||     1
       Confused          |       |       |       |       |     3 |       |       |       |       ||     3
  Eat: Chunk             |     1 |     7 |    10 |    21 |    12 |    16 |    21 |    18 |     9 ||   115
       Ration            |       |       |       |     2 |     6 |     6 |     5 |     5 |     7 ||    31
Armor: Scale mail        |    70 |    63 |   143 |   135 |       |       |       |       |       ||   411
       Chain mail        |       |       |       |   244 |       |       |       |       |       ||   244
       Plate armour      |       |       |       |     3 |   591 |       |       |       |       ||   594
       Crystal plate arm |       |       |       |       |    13 |   625 |   335 |   350 |   415 ||  1738
Dodge: Dodged            |    30 |    54 |    97 |   226 |   189 |   251 |   199 |   374 |   304 ||  1724
Block: Shield            |    64 |    85 |   172 |   558 |   423 |       |       |       |       ||  1302
       Large shield      |       |       |       |       |   319 |  1871 |  1420 |  1557 |  1622 ||  6789
       Reflection        |       |       |       |       |       |       |       |    56 |    34 ||    90
